Map: Ruins of Seras

Players

Spartan

  • Race: Terran Terran
  • League: Master

BowmanSX (bowman) - Winner!

  • Race: Protoss Protoss
  • League: Grandmaster

VOD

https://youtu.be/yHDncP1UCcU

Description

Time

  • Played on: Jan. 4, 2016, 7:26 p.m.
  • Length: 11:01
Show
View Real Time Build Order
Export as new Build Order

Spartan Terran 

Build Orders: Reaper Expand, MMM Bio 

Get SALT Encoding   

  12  0:01  SCV  
  13  0:13  SCV  
  14  0:18  Supply Depot  
  14  0:25  SCV  
  15  0:40  SCV  
  15  0:41  Barracks  
  16  0:45  Refinery  
  16  0:52  SCV  
  18  1:04  SCV  
  18  1:16  SCV  
  19  1:28  Orbital Command  
  19  1:29  Reaper  
  20  1:43  Command Center  
  20  1:52  Supply Depot  
  20  1:54  SCV  
  21  2:01  Barracks Reactor  
  21  2:06  SCV  
  22  2:18  SCV  
  22  2:19  Barracks  
  23  2:26  Factory  
  23  2:30  SCV  
  23  2:34  Refinery  
  24  2:38  Marine x2  
  26  2:44  SCV  
  27  2:56  SCV, Marine x2  
  29  3:02  Orbital Command  
  29  3:06  Barracks Tech Lab  
  29  3:08  SCV  
  29  3:10  Factory Tech Lab  
  30  3:17  Marine x2  
  32  3:20  SCV  
  33  3:27  Stimpack  
  33  3:30  Marine  
  33  3:32  SCV  
  34  3:37  Cyclone  
  34  3:38  SCV, Orbital Command  
  38  3:45  Supply Depot  
  38  3:47  Marine x2  
  40  3:54  SCV  
  40  4:03  SCV  
  40  4:06  SCV, Marine  
  43  4:15  SCV, Starport  
  44  4:18  SCV  
  44  4:20  Siege Tank, Refinery  
  48  4:28  SCV  
  48  4:29  Supply Depot  
  48  4:30  SCV  
  50  4:35  Engineering Bay  
  50  4:36  Marine  
  50  4:37  Marine  
  52  4:40  SCV  
  52  4:42  SCV  
  54  4:51  Supply Depot  
  54  4:52  SCV  
  55  4:53  Viking  
  55  4:54  SCV  
  55  4:59  Marine x2  
  59  5:00  Marine  
  59  5:02  Terran Infantry Weapons Level 1  
  59  5:04  SCV  
  62  5:13  Supply Depot, SCV  
  63  5:14  Supply Depot  
  63  5:16  SCV  
  64  5:24  Starport Reactor  
  64  5:25  SCV  
  64  5:28  Combat Shields  
  65  5:29  Siege Tank  
  65  5:30  SCV  
  65  5:32  Marine  
  65  5:34  Marine x2  
  72  5:39  Supply Depot  
  72  5:41  SCV, Supply Depot  
  73  5:43  SCV  
  74  5:50  Marine  
  74  5:53  SCV  
  74  5:55  Command Center  
  76  5:58  SCV  
  76  6:01  Siege Tank  
  76  6:02  Missile Turret  
  80  6:06  Medivac  
  82  6:12  Medivac  
  82  6:14  SCV  
  82  6:17  Supply Depot  
  82  6:18  Supply Depot, Marine x2  
  86  6:22  SCV, Barracks  
  88  6:27  SCV, Missile Turret  
  88  6:28  Marine  
  90  6:36  Barracks  
  90  6:38  SCV, Barracks, Marine  
  90  6:39  Refinery  
  92  6:41  SCV  
  92  6:44  Marine  
  92  6:45  Supply Depot  
  93  6:51  Medivac x2  
  97  6:55  Marine  
  97  6:56  Siege Tank  
  97  6:57  SCV  
  97  7:00  SCV  
  102  7:06  Supply Depot x2  
  102  7:11  Orbital Command  
  102  7:12  SCV  
  103  7:16  Barracks Reactor  
  103  7:18  Terran Infantry Armor Level 1  
  103  7:19  Barracks Tech Lab  
  103  7:22  Medivac  
  105  7:25  Marine  
  105  7:26  SCV, Marauder, Marine  
  105  7:29  SCV  
  110  7:33  Orbital Command  
  110  7:35  Barracks Reactor, Barracks Tech Lab  
  111  7:40  Supply Depot  
  111  7:42  SCV  
  109  7:46  Concussive Shells  
  109  7:47  Marauder, Marine  
  109  7:48  Marauder  
  109  7:49  SCV  
  115  7:54  SCV  
  116  7:58  Armory  
  116  7:59  SCV, Engineering Bay  
  116  8:01  SCV, Marine  
  116  8:04  Marine x2  
  121  8:06  SCV  
  121  8:08  Marine  
  121  8:09  Marauder  
  121  8:10  Supply Depot  
  125  8:19  Marine  
  124  8:20  Marine  
  124  8:22  Siege Tank  
  119  8:30  Marine x4  
  119  8:31  Medivac, Marauder  
  119  8:32  Medivac  
  114  8:37  Marine  
  114  8:38  Marine  
  114  8:40  Supply Depot  
  110  8:48  Marauder, Marine x2  
  111  8:49  Marauder  
  111  8:52  Marauder  
  111  8:55  Marine  
  118  8:56  Marine  
  118  8:58  Refinery, Barracks  
  118  9:00  Refinery, Barracks  
  118  9:01  Medivac  
  121  9:05  Marine  
  121  9:07  Command Center, Marine  
  124  9:10  Marauder, Marine  
  124  9:11  SCV x3  
  124  9:12  Marine  
  124  9:14  Marauder  
  124  9:16  Marine  
  132  9:23  SCV x3, Marine  
  136  9:28  Marauder  
  136  9:29  Marine  
  136  9:30  Marine  
  142  9:31  Marauder  
  142  9:38  Marine x2  
  139  9:39  Medivac  
  139  9:41  Marine  
  142  9:47  Barracks Tech Lab, Marine  
  142  9:49  Marauder  
  147  9:53  Siege Tank, Marauder  
  147  9:54  Barracks Tech Lab  
  147  9:55  Marine  
  147  9:56  Marine  
  147  9:57  Marauder  
  147  9:58  Supply Depot  
  154  10:00  Supply Depot  
  154  10:02  Marine  
  154  10:04  Marine  
  154  10:09  Marine  
  154  10:11  Marauder  
  154  10:12  Marine  
  154  10:13  Marine x2  
  154  10:14  Marine  
  132  10:18  Marauder  
  132  10:19  Marine  
  117  10:22  Marine  
  104  10:27  Marauder  
  104  10:30  Marine  
  104  10:31  Marine x2, Marauder  
  104  10:32  Marauder  
  104  10:37  Marine  
  104  10:39  Marauder  
Show
View Real Time Build Order
Export as new Build Order

BowmanSX Protoss - Winner!

Build Orders: 1 Gate Expand 

Get SALT Encoding   

  12  0:01  Probe (Chrono Boost)  
  13  0:11  Probe (Chrono Boost)  
  14  0:17  Pylon  
  14  0:22  Probe (Chrono Boost)  
  15  0:34  Assimilator  
  15  0:36  Probe (Chrono Boost)  
  16  0:46  Probe (Chrono Boost)  
  16  0:47  Gateway  
  18  0:57  Probe (Chrono Boost)  
  18  1:07  Probe (Chrono Boost)  
  19  1:21  Nexus  
  19  1:24  Probe (Chrono Boost)  
  20  1:29  Assimilator  
  20  1:40  Cybernetics Core  
  20  1:42  Probe (Chrono Boost)  
  21  1:51  Pylon  
  21  1:53  Probe (Chrono Boost)  
  22  2:04  Probe (Chrono Boost)  
  23  2:14  Probe (Chrono Boost)  
  24  2:17  Stalker (Chrono Boost), Warp Gate  
  26  2:25  Mothership Core (Chrono Boost)  
  28  2:33  Probe (Chrono Boost)  
  29  2:42  Probe  
  30  2:44  Probe  
  31  2:54  Probe (Chrono Boost)  
  31  2:56  Probe (Chrono Boost)  
  34  3:05  Probe (Chrono Boost)  
  34  3:07  Nexus  
  34  3:09  Probe (Chrono Boost)  
  35  3:16  Probe (Chrono Boost)  
  36  3:20  Probe (Chrono Boost)  
  36  3:27  Probe (Chrono Boost), Robotics Facility  
  38  3:30  Probe (Chrono Boost)  
  39  3:37  Probe (Chrono Boost)  
  39  3:39  Pylon  
  41  3:41  Probe (Chrono Boost)  
  41  3:48  Probe (Chrono Boost)  
  42  3:52  Probe (Chrono Boost)  
  42  3:54  Pylon  
  43  4:01  Probe (Chrono Boost)  
  43  4:02  Probe (Chrono Boost)  
  45  4:10  Twilight Council, Forge  
  45  4:12  Probe (Chrono Boost)  
  45  4:13  Probe (Chrono Boost), Assimilator  
  45  4:16  Assimilator  
  47  4:21  Observer  
  47  4:22  Probe (Chrono Boost)  
  47  4:23  Probe x2 (Chrono Boost)  
  51  4:33  Probe x2 (Chrono Boost)  
  51  4:35  Pylon  
  51  4:36  Protoss Ground Weapons Level 1 (Chrono Boost)  
  51  4:38  Probe (Chrono Boost), Resonating Glaives  
  54  4:43  Probe (Chrono Boost)  
  55  4:48  Sentry, Probe (Chrono Boost)  
  58  4:55  Gateway  
  58  4:57  Gateway  
  58  4:58  Probe (Chrono Boost)  
  58  4:59  Probe (Chrono Boost)  
  60  5:01  Pylon  
  60  5:03  Pylon  
  60  5:08  Probe (Chrono Boost)  
  60  5:09  Probe (Chrono Boost)  
  60  5:10  Probe (Chrono Boost)  
  60  5:13  Observer (Chrono Boost)  
  64  5:17  Sentry  
  64  5:18  Probe (Chrono Boost)  
  64  5:19  Probe (Chrono Boost)  
  68  5:22  Probe (Chrono Boost)  
  68  5:28  Assimilator  
  69  5:29  Assimilator  
  69  5:30  Probe x2  
  69  5:34  Probe  
  69  5:35  Immortal (Chrono Boost)  
  76  5:39  Gateway  
  76  5:41  Gateway  
  76  5:42  Probe  
  77  5:43  Gateway  
  77  5:45  Forge  
  77  5:53  Sentry  
  77  5:54  Probe  
  77  5:56  Probe x2  
  82  5:58  Sentry, Adept  
  82  6:03  Blink  
  86  6:06  Probe  
  87  6:12  Robotics Bay  
  87  6:16  Protoss Ground Weapons Level 2  
  87  6:17  Stargate  
  87  6:18  Probe  
  88  6:20  Pylon  
  88  6:23  Adept x2, Pylon  
  88  6:24  Protoss Ground Armor Level 1  
  92  6:28  Pylon  
  92  6:30  Probe  
  93  6:33  Probe  
  93  6:34  Probe  
  95  6:47  Nexus  
  95  6:48  Pylon  
  95  6:51  Sentry, Pylon  
  95  6:52  Sentry, Adept  
  101  7:02  Pylon  
  101  7:03  Probe x2  
  101  7:04  Phoenix  
  101  7:05  Pylon  
  101  7:07  Disruptor (Chrono Boost), Pylon  
  108  7:14  Protoss Air Weapons Level 1  
  108  7:15  Stargate  
  108  7:17  Fleet Beacon, Probe x2  
  110  7:24  Photon Cannon  
  110  7:29  Probe  
  111  7:35  Phoenix  
  113  7:41  Stalker x2  
  113  7:42  Adept x4  
  123  7:44  Disruptor (Chrono Boost)  
  123  7:47  Probe x2  
  128  8:02  Adept  
  128  8:03  Stalker x2, Adept, Photon Cannon  
  128  8:05  Stalker x2  
  140  8:13  Phoenix  
  140  8:17  Archon x4  
  142  8:22  Warp Prism (Chrono Boost)  
  128  8:36  Stalker x2  
  128  8:37  Stalker x4  
  128  8:38  Protoss Ground Armor Level 2  
  140  8:44  Assimilator  
  140  8:45  Assimilator  
  136  8:52  Phoenix  
  136  8:54  Phoenix  
  136  8:55  Nexus, Anion Pulse-Crystals  
  140  8:57  Pylon  
  140  9:05  Adept x3  
  140  9:06  Adept x3  
  151  9:15  Charge  
  151  9:29  Adept x4  
  159  9:31  Adept  
  159  9:32  Adept  
  160  9:46  Disruptor (Chrono Boost)  
  160  9:47  Phoenix  
  160  9:49  Phoenix  
  160  9:52  Nexus, Adept x3  
  170  9:55  Adept x2, Pylon  
  170  9:56  Adept  
  170  9:58  Probe  
  170  9:59  Probe  
  165  10:16  Stalker x2, Zealot x2  
  165  10:17  Adept x2  
  159  10:34  Assimilator  
  159  10:38  Assimilator  
  159  10:41  Photon Cannon  
  159  10:44  Photon Cannon  
  159  10:46  Pylon  
  159  10:48  Nexus  
  159  10:50  Nexus  
Tags
 
Add a new tag
Caveats
  • Supply blocks, unpowered buildings, or Contaminate may cause inaccurate times.
  • Supply counts are checked every 10 seconds.